 Dungeon Crawl Stone Soup version 0.31-a0-152-g6aa68a64a1 (webtiles) character file.

Game seed: 6462053214827940495

131 qw the Chopper (level 5, -5/32 HPs)
             Began as a Gargoyle Fighter on June 10, 2023.
             Killed from afar by an orc wizard (10 damage)
             ... with a puff of flame
             ... on level 3 of the Dungeon.
             The game lasted 00:01:00 (1848 turns).

qw the Chopper (Gargoyle Fighter)                   Turns: 1848, Time: 00:01:01

Health: -5/32      AC: 17    Str: 21    XL:     5   Next: 14%
Magic:  5/5        EV:  7    Int:  9    God:
Gold:   13         SH:  4    Dex:  9    Spells: 4/4 levels left

rFire   . . .        Y - +0 war axe
rCold   . . .        c - +0 buckler
rNeg    + . .        f - +0 chain mail
rPois   inf          b - +1 helmet
rElec   +            (no cloak)
rCorr   .            (no gloves)
SInv    .            l - +1 pair of boots
Will    .....        (no amulet) Stlth
                     (no ring)
HPRegen 0.25/turn    (no ring)
MPRegen 0.09/turn

%: no passive effects
@: no status effects
A: sickness immunity, AC +4, negative energy resistance 1, electricity
resistance, torment resistance 1, petrification resistance
a: no special abilities


You were on level 3 of the Dungeon.
You visited 1 branch of the dungeon, and saw 3 of its levels.

You collected 98 gold pieces.
You spent 85 gold pieces at shops.


Innate Abilities, Weirdness & Mutations

You are immune to sickness and miasma.
Your stone body is resilient. (AC +4)
You are immune to poison.
You resist negative energy. (rN+)
You are resistant to electric shocks. (rElec)
You are resistant to unholy torment.
You are immune to petrification.


   Skills:
 - Level 3.2 Fighting
 + Level 4.7 Axes
 - Level 3.2 Armour
 - Level 3.2 Shields


You had 4 spell levels left.
You didn't know any spells.
Your spell library was empty.

Inventory:

Hand Weapons
 n - a +0 flail
 Y - a +0 war axe (weapon)
Armour
 b - a +1 helmet (worn)
 c - a +0 buckler (worn)
 f - a +0 chain mail (worn)
 l - a +1 pair of boots (worn)
Jewellery
 i - a ring of fire
Scrolls
 a - a scroll of identify
 j - a scroll of fear {unknown}
Potions
 d - a potion of might
 e - a potion of haste {unknown}
 g - a potion of degeneration {unknown}

Dungeon Overview and Level Annotations

Branches:
Dungeon (3/15)

Altars:

Shops:
D:2 **


Message History

Reactivating autopickup.
The orc wizard hits you but does no damage.
You hit the orc wizard but do no damage.
The orc wizard points at you and mumbles some strange words.
The magic dart hits you!
You barely miss the orc wizard.
The orc wizard hits you but does no damage.
You closely miss the orc wizard.
The orc wizard hits you but does no damage.
The orc wizard barely misses you.
You hit the orc wizard but do no damage.
The orc wizard hits you but does no damage.
You hit the orc wizard.
The orc wizard is lightly wounded.
The orc wizard hits you but does no damage.
You miss the orc wizard.
The orc wizard is lightly wounded.
The orc wizard gestures at you while chanting.
The magic dart hits you but does no damage.
The orc wizard barely misses you.
You closely miss the orc wizard. You block the orc wizard's attack.
You barely miss the orc wizard. The orc wizard closely misses you.
You barely miss the orc wizard.
The orc wizard hits you but does no damage. x2
You closely miss the orc wizard.
The orc wizard hits you but does no damage.
You barely miss the orc wizard. The orc wizard casts a spell at you.
The magic dart hits you but does no damage.
You slash the orc wizard!
The orc wizard is heavily wounded.
The orc wizard closely misses you.
The orc wizard hits you but does no damage.
You barely miss the orc wizard.
The orc wizard is heavily wounded.
The orc wizard casts a spell at you. The puff of flame hits you!
You die...

.......)..#.##..
######....#.#.#...
#.........#.#.#..#
#.########....#...
###.### ....#...
#.....###.##....#...
#>..............#...
#.....###.#######...
#..@).# #... #.)o).#
#... ........# ####
.........## .
.........# .
...####..# #. ...
#..# .. ...#


You could see an orc wizard.

Vanquished Creatures
  An orc priest (D:3)
  Robin (D:2)
  2 adders (D:2)
  A gnoll (D:1)
  A worm (D:2)
  A dart slug (D:1)
  3 orcs (D:3)
  A ball python (D:2)
  An endoplasm (D:1)
  A giant cockroach (D:1)
  7 goblins
  11 hobgoblins
  5 jackals (D:1)
  3 kobolds
  4 quokkas
  5 bats
  A frilled lizard (D:1)
  5 rats
54 creatures vanquished.

Notes
Turn   | Place    | Note
-------+----------+-------------------------------------------
     0 | D:1      | qw the Gargoyle Fighter began the quest for the Orb.
     0 | D:1      | Reached XP level 1. HP: 14/14 MP: 1/1
     0 | D:1      | 0 ||| qw: Version: 0.2-a-29-g767f381
     0 | D:1      | 0 ||| qw: Game counter: 3868
     0 | D:1      | 0 ||| qw: Always use a shield: true
     0 | D:1      | 0 ||| qw: God list: Okawaru
     0 | D:1      | 0 ||| qw: Allow faded altars: false
     0 | D:1      | 0 ||| qw: Do Orc after D:15 true
     0 | D:1      | 0 ||| qw: Do second Lair branch before Depths: true
     0 | D:1      | 0 ||| qw: Lair rune preference: random
     0 | D:1      | 0 ||| qw: Plans: Normal, Zot:1-4, Slime:5, God:TSO, Crypt,
                  | Tomb, Abyss, Pan, Hells, Win
     0 | D:1      | 0 ||| PLANNING D:1-11
    31 | D:1      | Reached skill level 2 in Axes
    34 | D:1      | Reached XP level 2. HP: 19/19 MP: 2/2
    47 | D:1      | 47 ||| Stepping ~*~*~tactically~*~*~ (hiding).
    50 | D:1      | 50 ||| Stepping ~*~*~tactically~*~*~ (hiding).
   159 | D:1      | 159 ||| Stepping ~*~*~tactically~*~*~ (hiding).
   317 | D:1      | 317 ||| Stepping ~*~*~tactically~*~*~ (stealth).
   437 | D:1      | Reached skill level 3 in Axes
   437 | D:1      | Reached XP level 3. HP: 23/23 MP: 3/3
   924 | D:1      | 924 ||| UPGRADING to +0 chain mail.
   934 | D:1      | 934 ||| DROPPING +0 scale mail.
   935 | D:1      | 935 ||| UPGRADING to +0 pair of boots.
   940 | D:1      | 940 ||| READING scroll labelled ZEYCECO ZOHIX.
   941 | D:1      | 941 ||| READING scroll labelled ZYPNOL VIFIZEOKUONN.
  1009 | D:2      | Identified the +10 short sword of the Soft God {freeze,
                  | rPois rCorr Stlth+}
  1073 | D:2      | 1073 ||| READING scroll of enchant armour.
  1073 | D:2      | 1073 ||| ENCHANTING +0 pair of boots.
  1226 | D:2      | Noticed Robin
  1238 | D:2      | Killed Robin
  1239 | D:2      | Reached XP level 4. HP: 26/28 MP: 4/4
  1303 | D:2      | Reached skill level 4 in Axes
  1561 | D:2      | Found Tuoroow's Assorted Antiques.
  1565 | D:2      | 1565 ||| BUYING dark potion (22 gold).
  1565 | D:2      | Bought a dark potion for 22 gold pieces
  1565 | D:2      | 1565 ||| SHOPLISTING jet-encrusted scale mail (225 gold,
                  | have 76).
  1565 | D:2      | 1565 ||| SHOPLISTING potion of might (100 gold, have 76).
  1565 | D:2      | 1565 ||| BUYING scroll labelled FIJAAM FIER (25 gold).
  1565 | D:2      | Bought a scroll labelled FIJAAM FIER for 25 gold pieces
  1565 | D:2      | 1565 ||| SHOPLISTING scroll of enchant armour (187 gold,
                  | have 51).
  1597 | D:2      | 1597 ||| Stepping ~*~*~tactically~*~*~ (stealth).
  1699 | D:2      | Found Kyuthoxixt's General Store.
  1705 | D:2      | 1705 ||| BUYING +0 flail (38 gold).
  1705 | D:2      | Bought a +0 flail for 38 gold pieces
  1705 | D:2      | 1705 ||| SHOPLISTING amulet of the acrobat (330 gold, have
                  | 13).
  1705 | D:2      | 1705 ||| SHOPLISTING potion of heal wounds (55 gold, have
                  | 13).
  1705 | D:2      | 1705 ||| DROPPING +0 whip.
  1738 | D:2      | 1738 ||| UPGRADING to +1 helmet.
  1743 | D:2      | 1743 ||| READING 2 scrolls labelled NOQAIDDINKY.
  1744 | D:2      | 1744 ||| READING scroll labelled WATUUC KOGAICU.
  1745 | D:2      | 1745 ||| READING scroll labelled FIJAAM FIER.
  1746 | D:2      | 1746 ||| DRINKING 2 dark potions.
  1821 | D:3      | HP: 2/28 [orc priest/divine providence (9)]
  1823 | D:3      | 1823 ||| DRINKING potion of curing.
  1823 | D:3      | 1823 ||| (to cure confusion)
  1835 | D:3      | Reached XP level 5. HP: 7/32 MP: 5/5
  1836 | D:3      | HP: 1/32 [orc wizard/magic dart (7)]
  1848 | D:3      | Killed from afar by an orc wizard

Levels and vault maps discovered:
D:1:      matt_arrival_diagonals, layout_basic, serial_forest,
          infiniplex_forest_clump_C, infiniplex_forest_straight_2,
          infiniplex_forest_straight_5, infiniplex_forest_corner_1,
          infiniplex_forest_side_room, infiniplex_forest_straight_5,
          infiniplex_forest_end_1, infiniplex_forest_clump_large,
          infiniplex_forest_straight_5, infiniplex_forest_clump_diagonal
D:2:      layout_basic, serial_shops,
          nicolae_shop_temple_entry_statues_fountains,
          nicolae_shop_back_alley_shop, uniq_robin
D:3:      layout_basic, st_stairs_4, roderic_lattice_a, moated_statue,
          minivault_26

Skill      XL: |  1  2  3  4 |
---------------+-------------+-----
Axes           | 2 3 4 |  4.7
Fighting       | |  3.2
Armour         | |  3.2
Shields        | |  3.2

Action                     |  1- 3 |  4- 6 || total
---------------------------+-------+-------++-------
  Melee: War axe           |    90 |    72 ||   162
    Use: Scroll            |     3 |     3 ||     6
         Potion            |       |     2 ||     2
 Armour: Scale mail        |    19 |       ||    19
         Chain mail        |    18 |    63 ||    81
  Dodge: Dodged            |    41 |    19 ||    60
  Block: Buckler           |    21 |    10 ||    31

Table legend:
 A = Non-vault XP
 B = Vault XP
 C = Vault XP percentage of total XP
 D = Non-vault monster count
 E = Vault monster count
 F = Vault count percentage of total count
                 A         B        C        D         E       F
            +---------+---------+-------+---------+---------+-------
      Total |     161 |      27 |  14.4 |      47 |       7 |  13.0
            +---------+---------+-------+---------+---------+-------
        D:1 |      55 |       0 |   0.0 |      23 |       0 |   0.0
        D:2 |      46 |      27 |  37.0 |      14 |       7 |  33.3
        D:3 |      60 |       0 |   0.0 |      10 |       0 |   0.0
            +---------+---------+-------+---------+---------+-------
